AoeStats
← nicopa6947

Black Forest

519989812Analyzed
3v3 RM · 7d ago on Nov 9, 2026· 53m 42s· 6 players
Game mode
Random Map
Map size
Normal (6 player)
Population
200
Speed
Normal
Resources
Standard
Victory
Conquest
Starting age
Dark Age
Ending age
Imperial Age
RankedLock teamsTeams togetherTeam positionsShared explorationLock speedFull tech treeHidden civsTurbo modeCheats
Victory
Defeat
🇮🇹 Britons · Italy
522
+24
🇧🇷 Persians · Brazil
455
+26
🇨🇦 Romans · Canada
386
+27
vs
🇦🇷 Persians · Argentina
756
-90
🇦🇷 Mongols · Argentina
665
-50
🇦🇷 Burgundians · Argentina
665
-50
CommanderNCumTax
0:27 Loom
15:39 Feudal Age
16:07 Fishing Lines
18:14 Double-Bit Axe
21:08 Castle Age
20:05 Horse Collar
20:18 Gold Mining
20:19 Stone Mining
24:05 Wheelbarrow
30:29 Caravan
33:02 Imperial Age
30:22 Man-at-Arms
30:22 Pikeman
32:52 Hand Cart
32:45 Scale Mail Armor
33:09 Ballistics
33:27 Bow Saw
35:06 Comitatenses
34:52 Ballistas
34:15 Long Swordsman
37:40 Chemistry
37:01 Chain Mail Armor
36:57 Forging
36:52 Scale Barding Armor
38:23 Legionary
38:24 Halberdier
38:38 Elite Skirmisher
40:39 Gold Shaft Mining
41:25 Iron Casting
40:40 Fletching
40:51 Padded Archer Armor
41:12 Chain Barding Armor
41:01 Siege Engineers
41:24 Elite Centurion
46:10 Heavy Scorpion
46:12 Onager
47:54 Fortified Wall
47:56 Masonry
47:42 Murder Holes
48:49 Blast Furnace
47:45 Bodkin Arrow
48:05 Leather Archer Armor
48:26 Plate Barding Armor
53:12 Bloodlines
53:05 Squires
53:08 Husbandry
Yannis
0:30 Loom
14:06 Feudal Age
16:07 Double-Bit Axe
19:55 Horse Collar
23:24 Castle Age
23:46 Gold Mining
24:01 Scale Mail Armor
23:51 Fletching
24:33 Padded Archer Armor
25:13 Stone Mining
26:42 Bow Saw
26:35 Heavy Plow
33:07 Imperial Age
31:53 Forging
31:59 Leather Archer Armor
31:15 Elite Skirmisher
32:17 Pikeman
33:36 Gold Shaft Mining
33:25 Fortified Wall
33:36 Ballistics
34:31 Wheelbarrow
33:41 Town Watch
35:38 Bodkin Arrow
36:56 Ring Archer Armor
37:36 Sanctity
37:47 Hand Cart
39:13 Two-Man Saw
39:15 Chemistry
38:13 Murder Holes
39:55 Conscription
39:45 Bracer
40:21 Iron Casting
42:21 Chain Mail Armor
43:07 Blast Furnace
41:56 Halberdier
44:14 Yeomen
49:18 Arson
49:18 Gambesons
49:35 Squires
50:27 Elite Longbowman
51:50 Hoardings
51:56 Plate Mail Armor
51:33 Scale Barding Armor
Formigovisk
0:38 Loom
14:50 Feudal Age
16:07 Wheelbarrow
19:43 Town Watch
21:06 Stone Mining
21:12 Gold Mining
24:25 Castle Age
25:28 Horse Collar
26:40 Heavy Plow
28:09 Double-Bit Axe
31:39 Imperial Age
30:28 Hand Cart
30:29 Town Patrol
30:52 Scale Mail Armor
30:57 Fletching
33:06 Chemistry
32:17 Masonry
32:31 Ballistics
33:05 Crop Rotation
32:44 Padded Archer Armor
35:07 Bodkin Arrow
35:50 Forging
39:28 Bow Saw
39:45 Chain Mail Armor
39:36 Scale Barding Armor
40:07 Iron Casting
39:48 Leather Archer Armor
41:11 Architecture
40:33 Guard Tower
40:39 Murder Holes
42:16 Two-Man Saw
43:17 Chain Barding Armor
43:28 Plate Mail Armor
43:59 Blast Furnace
43:54 Ring Archer Armor
44:04 Stone Shaft Mining
44:04 Gold Shaft Mining
45:08 Plate Barding Armor
45:39 Pikeman
46:20 Squires
46:06 Arson
47:05 Kamandaran
46:42 Halberdier
51:48 Hoardings
50:34 Elite War Elephant
53:50 Coinage
53:31 Guilds
53:22 Caravan
FastPlum293
6:58 Double-Bit Axe
14:04 Feudal Age
13:32 Horse Collar
15:17 Bow Saw
16:55 Heavy Plow
16:50 Gold Mining
18:19 Scale Barding Armor
18:26 Forging
18:16 Scale Mail Armor
20:32 Town Watch
23:15 Castle Age
23:13 Gold Shaft Mining
24:57 Two-Man Saw
24:31 Crop Rotation
25:28 Stone Mining
26:20 Iron Casting
26:00 Chain Mail Armor
27:52 Stone Shaft Mining
27:54 Fortified Wall
27:37 Town Watch
28:33 Wheelbarrow
30:26 Masonry
30:48 Chain Barding Armor
31:28 Hand Cart
37:10 Imperial Age
36:44 Town Patrol
36:30 Loom
36:41 Loom
38:10 Burgundian Vineyards
38:32 Conscription
40:08 Hoardings
39:28 Capped Ram
40:57 Squires
40:43 Arson
43:25 Chemistry
43:49 Elite Coustillier
46:02 Blast Furnace
47:35 Sappers
49:16 Flemish Revolution
nicopa6947
0:58 Loom
9:06 Feudal Age
17:51 Wheelbarrow
23:48 Castle Age
31:09 Imperial Age
28:45 Horse Collar
28:55 Double-Bit Axe
29:29 Gold Mining
41:49 Hand Cart
41:22 Town Watch
41:52 Husbandry
42:03 Bloodlines
42:04 Scale Barding Armor
42:15 Heavy Plow
42:30 Bow Saw
42:13 Stone Mining
42:58 Gold Shaft Mining
42:05 Heavy Camel Rider
42:11 Light Cavalry
43:21 Chain Barding Armor
43:13 Forging
44:42 Stone Shaft Mining
47:16 Capped Ram
47:24 Capped Ram
48:05 Arson
48:20 Squires
48:06 Gambesons
47:50 Pikeman
BothCastle02071
11:52 Feudal Age
18:38 Castle Age
16:35 Gold Mining
17:24 Horse Collar
18:10 Double-Bit Axe
18:59 Stone Mining
20:18 Heavy Plow
21:05 Bow Saw
22:51 Ballistics
22:47 Forging
22:46 Scale Barding Armor
22:35 Fletching
25:24 Masonry
25:53 Iron Casting
26:57 Wheelbarrow
26:09 Town Watch
26:09 Loom
28:45 Nomads
29:33 Chain Barding Armor
29:14 Padded Archer Armor
29:10 Bodkin Arrow
29:16 Scale Mail Armor
30:40 Coinage
30:24 Caravan
33:12 Chain Mail Armor
33:48 Hand Cart
35:44 Town Patrol
36:11 Leather Archer Armor
38:19 Gold Shaft Mining
38:22 Stone Shaft Mining
41:50 Imperial Age
40:19 Murder Holes
42:08 Elite Mangudai
43:24 Hoardings
42:19 Sappers
43:11 Conscription
43:49 Banking
44:27 Chemistry
45:55 Blast Furnace
44:56 Bracer
45:26 Plate Mail Armor
49:04 Sappers
50:10 Hoardings
50:28 Conscription
52:35 Siphons
52:56 Drill
Connection lost

Rejoining the realm…

Still unreachable

The connection could not be restored.

Session expired

The server has moved on; the page needs a fresh start.